 Dungeon Crawl Stone Soup version 0.31.0-9-g3a7656b989 (webtiles) character file.

Game seed: 5155493542809699917

114 qw the Skirmisher (level 4, 0/25 HPs)
             Began as a Deep Elf Hunter on Feb 2, 2024.
             Slain by a goblin
             ... wielding a +0 dagger
             ... led by Robin
              (1 damage)
             ... on level 3 of the Dungeon.
             The game lasted 00:00:05 (1217 turns).

qw the Skirmisher (Deep Elf Hunter)                 Turns: 1217, Time: 00:00:05

Health: 0/25       AC:  5    Str: 10    XL:     4   Next: 66%
Magic:  6/6        EV: 17    Int: 14    God:
Gold:   115        SH:  0    Dex: 18    Spells: 3/3 levels left

rFire   . . .        a - +0 shortbow
rCold   . . .        (shield currently unavailable)
rNeg    . . .        c - +0 leather armour
rPois   .            (no helmet)
rElec   .            (no cloak)
rCorr   .            (no gloves)
SInv    .            g - +1 pair of boots
Will    .....        (no amulet)
Stlth   ++           h - +5 ring of evasion
HPRegen 0.24/turn    (no ring)
MPRegen 0.10/turn

%: no passive effects
@: no status effects
A: no striking features
a: no special abilities


You were on level 3 of the Dungeon.
You visited 1 branch of the dungeon, and saw 3 of its levels.

You collected 115 gold pieces.


   Skills:
 - Level 1.5 Fighting
 + Level 8.1 Ranged Weapons
 - Level 2.4 Dodging
 - Level 1.2 Stealth


You had 3 spell levels left.
You didn't know any spells.
Your spell library was empty.

Inventory:

Hand Weapons
 a - a +0 shortbow (weapon)
Armour
 c - a +0 leather armour (worn)
 g - a +1 pair of boots (worn)
Jewellery
 h - a +5 ring of evasion (left hand)
Potions
 d - a potion of curing {unknown}
 e - a potion of magic {unknown}
 f - a potion of mutation {unknown}

Dungeon Overview and Level Annotations

Branches:
Dungeon (3/15)

Altars:

Annotations:
D:3 Robin


Message History

You shoot an arrow. The arrow barely misses the goblin.
The arrow hits the goblin.
The goblin is severely wounded.
The goblin completely misses you. The goblin closely misses you.
The goblin misses you. The goblin hits you with a +0 club.
You shoot an arrow. The arrow closely misses the goblin.
The arrow hits the goblin.
You kill the goblin!
The goblin barely misses you. x2; The goblin hits you with a +0 club.
A goblin comes into view. It is wielding a +0 dagger.
The goblin closely misses you.
Robin roars a battlecry!
The goblins go into a battle-frenzy!
The goblin hits you but does no damage. The goblin barely misses you.
The goblin closely misses you. The goblin barely misses you.
You shoot an arrow. The arrow hits the goblin!
You kill the goblin!
The goblin misses you.
A goblin comes into view. It is wielding a +0 dagger.
The goblin misses you. x2
You shoot an arrow. The arrow barely misses the goblin.
The goblin hits you with a +0 club.
A goblin comes into view. It is wielding a +1 dagger of pain.
The goblin misses you. The goblin hits you with a +0 club.
You shoot an arrow. The arrow hits the goblin!
You kill the goblin!
Robin hits you from afar with a +0 spear.
The goblin closely misses you. The goblin hits you with a +0 club.
You shoot an arrow. The arrow hits the goblin.
The goblin is severely wounded.
Robin barely misses you. The goblin hits you but does no damage.
The goblin hits you with a +0 club.
You shoot an arrow. The arrow barely misses the goblin.
The goblin barely misses you. Robin throws the goblin at you!
The goblin misses you.
You shoot an arrow. The arrow hits the goblin.
You kill the goblin!
Robin misses you. The goblin hits you with a +0 club.
The goblin hits you with a +0 dagger.
You die...

#. .# .#
#.###.##.#
#...%.....
##...g#)#..
....=.....
#.gg...#..
#))g......
#@######.#
#)g......#
#.########
#.#
#######.#
.%.....<#
.##.#####


You could see Robin and 4 goblins.

Vanquished Creatures
  Jessica (D:2)
  3 adders
  2 dart slugs (D:1)
  An orc (D:3)
  2 ball pythons
  5 bats (D:1)
  2 endoplasms (D:1)
  2 giant cockroaches (D:1)
  8 goblins
  10 hobgoblins
  3 jackals (D:1)
  4 quokkas
  3 frilled lizards
  3 kobolds
  A rat (D:1)
50 creatures vanquished.

Notes
Turn   | Place    | Note
-------+----------+-------------------------------------------
     0 | D:1      | qw the Deep Elf Hunter began the quest for the Orb.
     0 | D:1      | Reached XP level 1. HP: 12/12 MP: 3/3
     0 | D:1      | 0 ||| qw: Version: 0.3-a-155-g5e7d8dd
     0 | D:1      | 0 ||| qw: Game counter: 1853
     0 | D:1      | 0 ||| qw: Melee chars always use a shield: true
     0 | D:1      | 0 ||| qw: God list: Okawaru
     0 | D:1      | 0 ||| qw: Allow faded altars: false
     0 | D:1      | 0 ||| qw: Do Orc after clearing Dungeon:15 true
     0 | D:1      | 0 ||| qw: Do second Lair branch before Depths: true
     0 | D:1      | 0 ||| qw: Lair rune preference: random
     0 | D:1      | 0 ||| qw: Goals: Normal
     0 | D:1      | 0 ||| PLANNING D:1-11
    75 | D:1      | Reached skill level 6 in Ranged Weapons
    75 | D:1      | Reached XP level 2. HP: 16/16 MP: 4/4
   389 | D:1      | Reached XP level 3. HP: 20/20 MP: 5/5
   617 | D:1      | 617 ||| UPGRADING to +1 pair of boots.
   622 | D:1      | 622 ||| UPGRADING to +5 ring of evasion.
   623 | D:1      | 623 ||| READING scroll labelled TEJIAKOUNU.
   624 | D:1      | 624 ||| READING scroll labelled OQYMAEFUEB.
   625 | D:1      | 625 ||| READING scroll labelled DABRUI HAICSISCH.
   628 | D:1      | 628 ||| DROPPING scroll of butterflies.
   705 | D:2      | Reached skill level 7 in Ranged Weapons
   936 | D:2      | Noticed Jessica
   937 | D:2      | Killed Jessica
   938 | D:2      | Reached XP level 4. HP: 25/25 MP: 6/6
  1164 | D:2      | 1164 ||| READING scroll labelled XAGRUV VOKE.
  1165 | D:2      | 1165 ||| READING scroll labelled USSEBU TAAMEIWK.
  1196 | D:3      | Reached skill level 8 in Ranged Weapons
  1206 | D:3      | Noticed Robin
  1214 | D:3      | HP: 6/25 [goblin/+0 club[Robin] (4)]
  1215 | D:3      | HP: 1/25 [goblin/+0 club[Robin] (5)]
  1217 | D:3      | Slain by a goblin

Levels and vault maps discovered:
D:1:      wander_arrival_estate, layout_basic, minmay_misc_feat_doors
D:2:      layout_basic, chequers_serial_rivers_room_a,
          kennysheep_generic_room_4, uniq_jessica
D:3:      layout_loops_corners, trog_hazing_becter, dreamdust_princess_bridge,
          uniq_robin

Skill      XL: |  1  2  3  4 |
---------------+-------------+-----
Ranged Weapons | 6 7 8 |  8.1
Fighting       | |  1.5
Dodging        | |  2.4
Stealth        | |  1.2

Action                     |  1- 3 |  4- 6 || total
---------------------------+-------+-------++-------
   Fire: Shortbow          |    90 |    30 ||   120
    Use: Scroll            |     3 |     2 ||     5
 Armour: Leather armour    |    10 |    19 ||    29
  Dodge: Dodged            |    13 |    33 ||    46

Table legend:
 A = Non-vault XP
 B = Vault XP
 C = Vault XP percentage of total XP
 D = Non-vault monster count
 E = Vault monster count
 F = Vault count percentage of total count
                 A         B        C        D         E       F
            +---------+---------+-------+---------+---------+-------
      Total |     114 |      51 |  30.9 |      42 |       8 |  16.0
            +---------+---------+-------+---------+---------+-------
        D:1 |      56 |       0 |   0.0 |      29 |       0 |   0.0
        D:2 |      42 |      37 |  46.8 |      11 |       1 |   8.3
        D:3 |      16 |      14 |  46.7 |       2 |       7 |  77.8
            +---------+---------+-------+---------+---------+-------
